Map: 瑟拉斯废墟

Players

iGXiGua - Winner!

  • Race: Protoss Protoss
  • League: Master

iGMacSed (MacSed) - Winner!

  • Race: Protoss Protoss
  • League: Master

Nostalie

  • Race: Zerg Zerg
  • League: Master

小闲闲闲闲闲

  • Race: Zerg Zerg
  • League: Master

Event: GPL 2015 - Grand Finals

VOD

Have the link to the VOD?

Description

Time

  • Played on: Jan. 10, 2016, 8:16 a.m.
  • Length: 15:04

All games in this series

Show
View Real Time Build Order
Export as new Build Order

iGXiGua Protoss - Winner!

Build Orders:  

Get SALT Encoding   

  12  0:00  Probe (Chrono Boost)  
  13  0:13  Pylon  
  13  0:18  Probe (Chrono Boost)  
  15  0:28  Probe (Chrono Boost)  
  15  0:34  Gateway  
  15  0:39  Probe (Chrono Boost)  
  16  0:49  Probe (Chrono Boost)  
  17  0:50  Assimilator  
  17  1:00  Probe (Chrono Boost)  
  17  1:03  Gateway  
  18  1:10  Probe (Chrono Boost)  
  19  1:21  Cybernetics Core, Probe (Chrono Boost)  
  20  1:31  Probe (Chrono Boost)  
  21  1:34  Pylon  
  23  1:53  Warp Gate  
  23  1:57  Adept x2  
  25  2:21  Nexus  
  25  2:24  Adept  
  25  2:28  Adept  
  29  2:32  Probe (Chrono Boost)  
  30  2:38  Pylon  
  31  2:44  Probe (Chrono Boost)  
  31  2:47  Assimilator  
  32  2:58  Probe (Chrono Boost)  
  32  3:09  Pylon  
  32  3:10  Probe (Chrono Boost)  
  33  3:15  Adept x2  
  37  3:22  Probe (Chrono Boost)  
  39  3:34  Probe (Chrono Boost)  
  39  3:38  Probe (Chrono Boost)  
  42  3:48  Probe (Chrono Boost), Mothership Core (Chrono Boost)  
  43  3:57  Robotics Facility  
  43  3:59  Probe (Chrono Boost)  
  40  4:06  Probe (Chrono Boost)  
  42  4:10  Probe (Chrono Boost), Gateway  
  42  4:13  Pylon  
  43  4:17  Probe (Chrono Boost)  
  43  4:20  Probe (Chrono Boost)  
  43  4:23  Pylon  
  44  4:27  Probe (Chrono Boost)  
  44  4:31  Probe (Chrono Boost)  
  46  4:37  Assimilator  
  46  4:38  Probe (Chrono Boost)  
  47  4:39  Warp Prism  
  47  4:42  Probe (Chrono Boost)  
  47  4:44  Sentry  
  52  4:48  Probe (Chrono Boost)  
  52  4:50  Assimilator  
  52  4:52  Robotics Bay  
  53  4:57  Probe (Chrono Boost)  
  53  4:59  Probe (Chrono Boost)  
  55  5:07  Pylon  
  55  5:09  Probe (Chrono Boost)  
  55  5:10  Probe (Chrono Boost)  
  55  5:13  Observer  
  57  5:21  Probe x2 (Chrono Boost)  
  60  5:31  Probe (Chrono Boost)  
  60  5:34  Pylon, Probe (Chrono Boost)  
  62  5:35  Disruptor  
  62  5:37  Nexus  
  62  5:38  Gravitic Drive  
  66  5:43  Probe (Chrono Boost)  
  66  5:46  Pylon, Probe (Chrono Boost)  
  67  5:55  Probe (Chrono Boost)  
  68  5:59  Stargate, Probe (Chrono Boost)  
  68  6:01  Stargate  
  68  6:03  Adept  
  71  6:07  Probe (Chrono Boost)  
  71  6:08  Disruptor  
  71  6:11  Zealot, Probe (Chrono Boost)  
  79  6:19  Probe (Chrono Boost)  
  79  6:21  Twilight Council  
  79  6:24  Probe (Chrono Boost)  
  80  6:25  Zealot  
  80  6:31  Probe (Chrono Boost)  
  80  6:32  Gateway  
  81  6:35  Gateway  
  81  6:39  Disruptor  
  81  6:40  Gateway  
  84  6:47  Zealot  
  84  6:52  Probe x2 (Chrono Boost)  
  84  6:53  Probe (Chrono Boost)  
  89  6:59  Zealot x2  
  93  7:05  Pylon, Charge  
  93  7:06  Pylon, Probe (Chrono Boost)  
  93  7:07  Zealot  
  96  7:15  Probe (Chrono Boost)  
  98  7:17  Probe (Chrono Boost)  
  98  7:19  Phoenix  
  98  7:20  Phoenix  
  103  7:24  Probe (Chrono Boost)  
  104  7:30  Assimilator, Pylon, Probe (Chrono Boost)  
  104  7:31  Assimilator  
  104  7:32  Immortal, Zealot  
  110  7:41  Pylon, Probe (Chrono Boost)  
  110  7:43  Probe (Chrono Boost)  
  112  7:45  Phoenix, Pylon  
  112  7:48  Phoenix  
  114  7:56  Forge  
  114  8:04  Zealot x2  
  114  8:05  Zealot x2  
  122  8:08  Templar Archives  
  122  8:12  Gateway  
  122  8:14  Phoenix, Gateway  
  122  8:16  Phoenix  
  126  8:30  Fleet Beacon  
  124  8:36  Phoenix, Warp Prism  
  124  8:37  Zealot  
  126  8:45  Protoss Ground Weapons Level 1  
  126  8:50  Phoenix  
  126  8:51  Photon Cannon  
  126  8:52  Photon Cannon  
  128  8:57  Phoenix  
  129  9:13  Phoenix, Probe (Chrono Boost)  
  129  9:17  Adept x3  
  130  9:21  Phoenix  
  130  9:23  Probe (Chrono Boost)  
  137  9:24  Anion Pulse-Crystals, Nexus  
  137  9:27  Pylon  
  137  9:39  Phoenix, Pylon  
  145  9:46  Zealot  
  147  9:54  Photon Cannon  
  147  9:55  Photon Cannon  
  147  9:56  Immortal  
  151  10:01  High Templar x2  
  151  10:06  Psionic Storm, Archon  
  151  10:07  Zealot  
  157  10:25  Photon Cannon  
  157  10:26  Photon Cannon  
  157  10:28  Assimilator  
  157  10:33  Assimilator, Zealot x4  
  157  10:35  Adept x2  
  169  10:36  Adept  
  169  10:42  Immortal  
  175  10:45  High Templar  
  171  10:53  High Templar  
  171  10:54  High Templar  
  175  10:58  High Templar  
  177  11:09  Zealot x3  
  177  11:10  Zealot  
  185  11:19  Gateway  
  185  11:21  High Templar  
  185  11:22  Gateway  
  185  11:24  Protoss Ground Weapons Level 2  
  187  11:27  Gateway  
  187  11:31  Gateway  
  187  11:32  Forge  
  187  11:36  Pylon  
  187  11:37  Observer  
  188  11:46  Pylon  
  188  11:57  Zealot x4  
  188  12:01  Pylon  
  188  12:11  Zealot x4  
  190  12:19  Archon  
  190  12:20  Archon  
  144  12:30  High Templar  
  144  12:31  High Templar x3  
  144  12:32  High Templar x2  
  144  12:33  High Templar x2  
  144  12:35  Immortal  
  160  12:41  Tempest  
  160  12:53  Pylon  
  160  12:54  Pylon, Protoss Ground Armor Level 1  
  160  12:57  Zealot x4  
  168  13:03  Zealot x3  
  168  13:04  Zealot  
  168  13:05  Tempest  
  180  13:15  Zealot  
  180  13:16  Zealot x2  
  180  13:18  Tempest, Zealot x4  
  194  13:25  Zealot  
  192  13:41  Zealot x2  
  192  13:42  Zealot x3  
  192  13:46  Zealot  
  190  13:56  Zealot x3  
  190  13:58  High Templar x2  
  190  14:01  Zealot  
  190  14:02  Zealot x2  
  198  14:06  Zealot  
  194  14:14  Zealot x3  
  196  14:19  Zealot x2  
  188  14:36  Zealot x2  
  188  14:37  Zealot x3  
  188  14:48  Zealot  
  188  14:49  Zealot x2  
  188  14:52  Zealot  
Show
View Real Time Build Order
Export as new Build Order

iGMacSed Protoss - Winner!

Build Orders:  

Get SALT Encoding   

  12  0:00  Drone  
  13  0:08  Drone  
  14  0:18  Overlord  
  14  0:26  Drone, Extractor  
  15  0:36  Drone  
  15  0:37  Drone  
  17  0:56  Hatchery  
  16  0:59  Drone  
  16  1:03  Drone  
  18  1:23  Hatchery  
  17  1:36  Spawning Pool  
  16  1:40  Drone  
  16  1:43  Drone  
  16  1:46  Drone  
  19  1:54  Drone  
  20  2:06  Overlord  
  20  2:09  Drone  
  20  2:14  Drone  
  22  2:19  Drone  
  23  2:23  Queen x2  
  23  2:26  Drone  
  28  2:30  Zergling x2  
  28  2:35  Queen  
  31  2:38  Drone  
  31  2:42  Drone  
  34  2:44  Drone  
  34  2:46  Drone  
  34  2:47  Drone  
  36  2:53  Drone  
  36  2:55  Extractor  
  36  2:56  Drone, Extractor  
  36  2:57  Drone  
  37  3:03  Zergling x2  
  37  3:06  Zergling x2  
  37  3:11  Zergling x2  
  37  3:14  Zergling x2  
  37  3:18  Zergling x4  
  38  3:24  Zergling x2  
  38  3:28  Zergling x2  
  38  3:30  Zergling x6  
  41  3:38  Zergling x2  
  41  3:41  Spore Crawler  
  40  3:43  Zergling x2  
  40  3:44  Drone  
  40  3:45  Overlord  
  41  4:03  Lair  
  41  4:04  Drone  
  41  4:06  Drone x3  
  41  4:07  Drone x3  
  48  4:11  Drone  
  49  4:17  Overlord  
  49  4:24  Overlord  
  49  4:30  Metabolic Boost  
  49  4:32  Overlord  
  49  4:40  Drone  
  49  4:41  Drone x2  
  49  4:42  Drone x4  
  56  4:48  Drone  
  56  4:49  Drone x2  
  56  4:50  Drone  
  60  4:57  Drone  
  60  4:59  Roach Warren  
  60  5:04  Drone x2  
  60  5:05  Drone x3  
  65  5:10  Drone, Hydralisk Den  
  65  5:13  Drone x2  
  67  5:18  Drone x3  
  67  5:20  Drone x2  
  67  5:21  Drone  
  73  5:32  Overlord x2, Extractor  
  72  5:37  Spine Crawler  
  72  5:40  Overlord  
  72  5:42  Muscular Augments  
  71  5:43  Drone  
  71  5:44  Overlord  
  71  5:46  Drone, Extractor  
  71  5:47  Extractor  
  71  5:48  Roach  
  71  5:49  Overlord x3  
  73  5:52  Drone  
  73  5:57  Roach x4  
  80  6:03  Roach  
  81  6:04  Roach x2  
  81  6:11  Roach x2  
  89  6:23  Drone  
  89  6:24  Drone x4  
  93  6:29  Drone  
  93  6:30  Drone x3  
  97  6:35  Drone  
  97  6:38  Spire  
  94  6:43  Drone x2  
  94  6:45  Hydralisk  
  94  6:46  Hydralisk  
  97  6:47  Extractor  
  97  6:56  Hatchery  
  97  6:59  Drone x2  
  96  7:05  Drone x2  
  96  7:07  Drone x2  
  100  7:09  Drone  
  100  7:11  Overlord  
  100  7:14  Drone x2  
  103  7:17  Drone x2  
  103  7:21  Drone  
  107  7:22  Drone  
  107  7:23  Drone, Overlord  
  107  7:31  Overlord  
  107  7:33  Drone  
  107  7:34  Drone x3  
  107  7:36  Overseer  
  109  7:50  Mutalisk x8  
  123  7:53  Mutalisk, Extractor  
  123  7:56  Overseer  
  123  7:57  Overlord  
  122  7:59  Extractor  
  122  8:00  Evolution Chamber  
  122  8:01  Zergling x8  
  122  8:02  Drone  
  122  8:04  Drone  
  122  8:05  Drone  
  127  8:08  Mutalisk  
  127  8:09  Drone  
  127  8:10  Drone x2  
  132  8:20  Mutalisk x3  
  137  8:33  Glial Reconstitution  
  135  8:35  Roach x5  
  135  8:38  Zergling x20  
  155  8:45  Roach x2  
  159  8:49  Queen  
  161  9:03  Hatchery  
  161  9:06  Hydralisk x3  
  161  9:07  Overlord x2  
  162  9:11  Overlord  
  162  9:15  Spore Crawler  
  147  9:17  Spore Crawler  
  147  9:22  Overlord  
  147  9:23  Zerg Melee Weapons Level 1  
  140  9:26  Overlord  
  140  9:28  Hydralisk x10  
  158  9:33  Hydralisk  
  158  9:34  Hydralisk  
  162  9:42  Hydralisk  
  162  9:43  Hydralisk x2, Baneling Nest  
  162  9:44  Hydralisk  
  168  9:52  Hydralisk x3  
  169  9:53  Hydralisk  
  169  9:56  Hydralisk  
  169  9:57  Hydralisk  
  179  10:12  Overlord  
  176  10:17  Overlord  
  176  10:31  Overlord  
  176  10:32  Centrifical Hooks  
  171  10:53  Overlord  
  171  10:56  Drone x3, Zergling x6  
  177  11:09  Extractor  
  177  11:11  Overlord  
  176  11:12  Extractor  
  176  11:13  Mutalisk x3  
  181  11:18  Baneling x15  
  181  11:23  Hatchery  
  180  11:26  Baneling x13  
  180  11:27  Hydralisk x4  
  180  11:30  Zerg Melee Weapons Level 2, Zergling x24  
  200  11:52  Baneling x13  
  184  12:16  Overseer  
  184  12:17  Overseer  
  184  12:18  Overseer  
  119  12:30  Zergling x34  
  119  12:34  Zergling x34  
  119  12:35  Zergling x2  
  119  12:36  Hydralisk, Zergling x4  
  158  12:45  Zergling x2  
  158  12:49  Hydralisk x3, Hatchery  
  164  12:55  Zergling x2  
  164  12:56  Zergling x6  
  168  13:01  Baneling x9  
  168  13:02  Baneling  
  168  13:04  Hatchery  
  168  13:05  Baneling x5  
  167  13:07  Zergling x2  
  167  13:11  Zergling x4  
  169  13:17  Baneling x6  
  169  13:18  Baneling x2  
  169  13:20  Zergling x2  
  154  13:35  Zergling x18  
  154  13:41  Baneling x8  
  155  13:43  Zergling x2  
  155  13:44  Zergling x2  
  155  13:47  Zergling x4  
  113  13:58  Queen  
  107  14:03  Drone  
  107  14:07  Drone x3  
  105  14:14  Hydralisk x4  
  109  14:19  Hydralisk  
  109  14:29  Hydralisk x2  
  101  14:35  Drone x2  
  98  14:42  Drone  
  98  14:45  Drone x2  
Show
View Real Time Build Order
Export as new Build Order

Nostalie Zerg 

Build Orders:  

Get SALT Encoding   

Show
View Real Time Build Order
Export as new Build Order

小闲闲闲闲闲 Zerg 

Build Orders:  

Get SALT Encoding   

Tags
 
Add a new tag
Caveats
  • Supply blocks, unpowered buildings, or Contaminate may cause inaccurate times.
  • Supply counts are checked every 10 seconds.